 Dungeon Crawl Stone Soup version 0.30-a0-1160-g6e42c06551 (webtiles) character file.

Game seed: 8626352715679368166

160563 jasper the Stormcaller (level 16, -5/132 HPs)
             Began as a Demigod Air Elementalist on Apr 25, 2023.
             Slain by a wolf spider simulacrum (29 damage)
             ... on level 1 of the Spider Nest.
             The game lasted 00:54:00 (40271 turns).

jasper the Stormcaller (Demigod Air Elementalist)  Turns: 40271, Time: 00:54:01

Health: -5/132     AC: 11    Str:  9    XL:     16   Next: 63%
Magic:  0/36       EV: 21    Int: 37    God:
Gold:   1884       SH: 11    Dex: 14    Spells: 6/38 levels left

rFire   . . .        a - staff of air
rCold   . . .        J - +0 buckler
rNeg    . . .        x - +2 robe {Will+}
rPois   +            l - +2 hat
rElec   +            D - +2 cloak
rCorr   .            E - +0 pair of gloves
SInv    .            z - +0 pair of boots
Will    ++...        W - amulet of reflection
Stlth   ++           q - +5 ring of evasion
HPRegen 0.42/turn    f - ring of poison resistance
MPRegen 0.25/turn

%: reflection
@: no status effects
A: high MP 1, forlorn, divine attributes
a: no special abilities


You were on level 1 of the Spider Nest.
You visited 4 branches of the dungeon, and saw 24 of its levels.
You visited 1 bazaar.
You also visited: Bailey.

You collected 3004 gold pieces.
You spent 1120 gold pieces at shops.

Inventory:

Missiles
 G - 3 throwing nets
Armour
 l - a +2 hat (worn)
 x - a +2 robe of willpower (worn)
 z - a +0 pair of boots (worn)
 C - +0 swamp dragon scales
 D - a +2 cloak (worn)
 E - a +0 pair of gloves (worn)
 J - a +0 buckler (worn)
 T - a +0 troll leather armour
 V - a +1 robe of cold resistance
Magical Staves
 a - a staff of air (weapon)
 F - the staff of fire "Uricuna" {rF+ rC- Str+8 Dex-3 SInv}
   (You found it on level 13 of the Dungeon)

   [staff of fire]

   Base accuracy: +5 Base damage: 5 Base attack delay: 1.2 This weapon's minimum
   attack delay (0.6) is reached at skill level 12.
   Str:       It affects your strength (+8).
   Dex:       It affects your dexterity (-3).
   rF:        It protects you from fire.
   rC:        It makes you vulnerable to cold.
   SInv:      It lets you see invisible.
   It falls into the 'Staves' category.
   It is a one-handed weapon.
Jewellery
 f - a ring of poison resistance (right hand)
 n - a ring of flight
 o - a ring of see invisible
 q - a +5 ring of evasion (left hand)
 u - a ring of protection from fire
 U - a ring of fire
 W - an amulet of reflection (around neck)
Wands
 j - a wand of mindburst (20)
 k - a wand of polymorph (6)
 A - a wand of roots (10)
 H - a wand of paralysis (18)
 N - a wand of flame (19)
 O - a wand of digging (12)
Scrolls
 e - 7 scrolls of amnesia
 g - 11 scrolls of identify
 h - 3 scrolls of summoning
 p - 6 scrolls of teleportation
 v - 6 scrolls of fog
 w - 2 scrolls of immolation
 K - 2 scrolls of enchant weapon
 R - 4 scrolls of enchant armour
 S - 2 scrolls of poison
 X - 3 scrolls of vulnerability
 Y - a scroll of fear
Potions
 b - a potion of invisibility
 c - 2 potions of attraction
 d - 8 potions of curing
 i - 2 potions of heal wounds
 m - 7 potions of lignification
 r - 10 potions of flight
 s - 4 potions of cancellation
 t - 6 potions of degeneration
 B - 5 potions of brilliance
 I - 4 potions of mutation
 L - 4 potions of might
 P - a potion of haste
 Q - 9 potions of ambrosia
 Z - 2 potions of berserk rage


   Skills:
 - Level 9.1 Fighting
 - Level 9.3 Dodging
 - Level 1.7 Stealth
 - Level 7.0 Shields
 - Level 11.6 Spellcasting
 * Level 12.3 Conjurations
 - Level 18.0 Air Magic


You had 6 spell levels left.
You knew the following spells:

 Your Spells              Type           Power      Damage    Failure   Level
a - Shock                 Conj/Air       100%       1d9       0%          1
b - Static Discharge      Conj/Air       100%       2-7/arc   0%          2
c - Swiftness             Air            100%       N/A       0%          3
d - Airstrike             Air            62%        2d(9-25)  0%          4
e - Arcjolt               Conj/Air       58%        1d68      1%          5
f - Maxwell's Capacitive  Air            62%        ∞         11%         8
g - Passwall              Tmut/Erth      17%        N/A       3%          2
h - Orb of Destruction    Conj           42%        9d12      13%         7

Your spell library contained the following spells:

 Spells                   Type           Power      Damage    Failure   Level
 Momentum Strike          Conj/Tloc      100%       3d10      1%          2
 Stone Arrow              Conj/Erth      100%       3d13      1%          3
 Vhi's Electric Charge    Tloc/Air       100%       N/A       1%          3
 Beastly Appendage        Tmut           42%        N/A       2%          1
 Sandblast                Erth           42%        2d11      2%          1
 Slow                     Hex            84%        N/A       2%          1
 Irradiate                Conj/Tmut      30%        3d21      5%          5
 Confusing Touch          Hex            21%        N/A       8%          3
 Portal Projectile        Hex/Tloc       42%        N/A       8%          3
 Spider Form              Tmut/Pois      21%        N/A       8%          3
 Summon Guardian Golem    Hex/Summ       21%        N/A       8%          3
 Teleport Other           Tloc           21%        N/A       8%          3
 Tukima's Dance           Hex            21%        N/A       8%          3
 Vampiric Draining        Necr           21%        2d7       8%          3
 Cause Fear               Hex            10%        N/A       26%         4
 Leda's Liquefaction      Hex/Erth       10%        N/A       26%         4
 Olgreb's Toxic Radiance  Pois           21%        N/A       26%         4
 Passage of Golubria      Tloc           21%        N/A       26%         4
 Petrify                  Tmut/Erth      21%        N/A       26%         4
 Blade Hands              Tmut           10%        N/A       56%         5
 Summon Forest            Summ/Tloc      10%        N/A       56%         5
 Yara's Violent Unravell  Hex/Tmut       10%        3d6       56%         5
 Eringya's Noxious Bog    Tmut/Pois      10%        N/A       98%         6
 Spellforged Servitor     Conj/Summ      30%        N/A       86%         7
 Dragon Form              Tmut           10%        N/A       100%        7
 Summon Hydra             Summ           10%        N/A       100%        7
 Discord                  Hex            10%        N/A       100%        8
 Disjunction              Tloc           10%        N/A       100%        8
 Ignition                 Fire           10%        3d5       100%        8


Dungeon Overview and Level Annotations

Branches:
Dungeon (15/15)            Temple (0/1) D:7            Lair (5/5) D:8
  Swamp (0/4) Lair:3       Spider (2/4) Lair:3        Slime (0/5) Lair:4
    Orc (2/2) D:11            Elf (0/3) Orc:2        Vaults (0/5) D:14
 Depths (0/4) D:15         Bailey (visited)

Shops:
D:2 [   D:3 :   D:5 [([?   Orc:1 :   Orc:2 [*(:

Annotations:
D:6 exclusion: centaur
D:10 4 runed translucent doors
Orc:1 Rupert


Innate Abilities, Weirdness & Mutations

You have an increased reservoir of magic. (+10% MP)
You shall have no god before yourself.
Your divine heritage dramatically boosts your attributes as you level up.


Message History

You feel sick.
The jumping spider simulacrum pounces on you but does no damage.
You block the jumping spider simulacrum's attack.
The wolf spider simulacrum hits you.
The wolf spider simulacrum freezes you!!
The wolf spider simulacrum bites you but does no damage.
The wolf spider simulacrum barely misses you.
The wolf spider simulacrum bites you but does no damage.
You block the jumping spider simulacrum's attack.
The jumping spider simulacrum closely misses you.
You take 30 damage, and have 45/132 hp.
MASSIVE DAMAGE!!
You feel sick.
You take 1 damage, and have 44/132 hp.
You feel sick.
The jumping spider simulacrum pounces on you.
* * * LOW HITPOINT WARNING * * *
The jumping spider simulacrum freezes you!!
* * * LOW HITPOINT WARNING * * *
The jumping spider simulacrum bites you but does no damage.
You block the wolf spider simulacrum's attack. x2
You take 25 damage, and have 19/132 hp.
You feel much better.
You feel sick.
The jumping spider simulacrum barely misses you.
The jumping spider simulacrum bites you but does no damage.
You block the wolf spider simulacrum's attack.
The wolf spider simulacrum completely misses you.
You regained 18 hp, and now have 37/132 hp.
Casting: Arcjolt (safe; 1% risk of failure)
Confirm with . or Enter, or press ? or * to list all spells.
You feel a surge of power!
Electricity surges outward!
The wolf spider simulacrum is struck by an electric surge!!
The wolf spider simulacrum is almost destroyed.
The jumping spider simulacrum is struck by an electric surge!!!
The jumping spider simulacrum vaporises!
You feel sick.
You are no longer poisoned.
The wolf spider simulacrum hits you!
* * * LOW HITPOINT WARNING * * *
The wolf spider simulacrum freezes you!!
You die...

............ #.^^
.......... #...
........# ##..# #..†...
##..## #....# ###..##
#..$# ###...##
#...######....####
#.○Z#...^..†.....##
..###.@.....#..†.......
#........###..........
..# ######..##
##......... ...# ##..#
#......... ....#
###..## #.........
#....#### ##....#
##^........
#.......###...###
#..........
#......)....##
##........#
##.......### ###
#...#####..


You could see a wolf spider simulacrum.

Vanquished Creatures
  Gastronok (Lair:2)
  A frost giant (D:13)
  An orc warlord (Orc:2)
  3 ettins
  4 entropy weavers
  A fire dragon (Lair:5)
  A rakshasa (D:13)
  3 catoblepae
  5 hydras
  An ogre mage (D:10)
  Fannar (Lair:2)
  5 centaur warriors
  Erica (D:11)
  4 boulder beetles
  7 two-headed ogres
  16 death yaks
  4 orc high priests (Orc:2)
  A skyshark (Lair:1)
  3 tengu warriors
  A fire crab (D:13)
  A pharaoh ant (Spider:1)
  10 skeletal warriors
  Amaemon (D:9)
  A sun moth (Spider:1)
  Lodul (D:14)
  2 wizards
  An orb spider (Spider:1)
  A deep troll (D:15)
  A swamp dragon (Lair:5)
  Pikel (D:9)
  A necromancer (D:15)
  6 orc knights
  A deep elf pyromancer (D:13)
  19 ugly things
  6 wolf spiders
  4 orc sorcerers
  A salamander (shapeshifter) (D:14)
  An oklob plant (Lair:2)
  8 cyclopes
  6 black mambas
  4 manticores (D:13)
  3 demonic crawlers (Spider:1)
  18 slime creatures
  A guardian serpent (Lair:5)
  2 torpor snails (Spider:1)
  A gargoyle (D:13)
  10 cane toads
  An orange demon (D:9)
  4 centaur skeletons (D:14)
  Maggie (D:6)
  3 rime drakes
  5 yaktaurs (D:14)
  3 efreet
  A kobold demonologist (D:10)
  7 komodo dragons
  3 tengu conjurers
  A queen bee (Lair:1)
  9 trolls
  A tyrant leech (Lair:3)
  4 hornets
  3 polar bears
  8 tarantellas
  Prince Ribbit (D:9)
  A dream sheep (Lair:2)
  15 blink frogs
  9 jumping spiders (Spider:1)
  Sigmund (D:6)
  A shadow (D:12)
  4 wraiths
  3 culicivoras
  11 wyverns
  2 vampires
  51 yaks
  A fire bat (shapeshifter) (D:13)
  A spriggan (shapeshifter) (D:13)
  7 basilisks
  3 steam dragons (Lair:5)
  Grum (D:11)
  22 redbacks
  6 vampire mosquitoes
  Edmund (D:5)
  A warg (Orc:2)
  2 swamp worms (Lair:3)
  33 water moccasins
  6 acid dragons
  Duvessa (D:6)
  A sky beast (D:8)
  3 ice beasts
  47 orc warriors
  A black bear (D:6)
  18 ogres
  9 centaurs
  19 wolves
  A lemure (D:8)
  A phantom (D:7)
  3 kobold brigands
  6 bullfrogs
  A gnoll sergeant (D:10)
  3 scorpions
  8 wights
  Dowan (D:6)
  36 killer bees
  6 electric eels
  3 howler monkeys
  3 hounds
  Crazy Yiuf (D:6)
  23 orc priests
  2 jellies
  2 sleepcaps
  3 gnoll boudas
  8 iguanas
  39 orc wizards
  11 gnolls
  14 adders
  2 river rats (D:6)
  A shadow imp (D:6)
  An ufetubus (D:5)
  4 worms
  6 dart slugs
  70 orcs
  2 endoplasms
  4 giant cockroaches
  9 goblins
  10 hobgoblins
  3 quokkas
  9 ball pythons
  2 bats
  5 frilled lizards
  29 kobolds
  8 rats
852 creatures vanquished.

Vanquished Creatures (collateral kills)
  An orc warlord (Bailey)
1 creature vanquished.

Vanquished Creatures (others)
  36 fungi
  91 plants
127 creatures vanquished.

Grand Total: 980 creatures vanquished

Notes
Turn   | Place    | Note
-------+----------+-------------------------------------------
     0 | D:1      | jasper the Demigod Air Elementalist began the quest for the
                  | Orb.
     0 | D:1      | Reached XP level 1. HP: 14/14 MP: 5/5
    57 | D:1      | Reached skill level 1 in Conjurations
   479 | D:1      | Reached XP level 2. HP: 20/20 MP: 4/7
   482 | D:1      | Learned a level 2 spell: Static Discharge
   932 | D:2      | Reached skill level 3 in Air Magic
  1338 | D:2      | Found Puahuos's Antique Armour Shoppe.
  1383 | D:2      | Reached XP level 3. HP: 26/26 MP: 3/9
  1391 | D:2      | Learned a level 3 spell: Swiftness
  1767 | D:3      | Reached XP level 4. HP: 25/33 MP: 0/10
  2189 | D:3      | Found Zairghecs's Book Emporium.
  2390 | D:3      | You fall into a shaft and drop 3 floors!
  2405 | D:6      | Noticed a centaur
  2434 | D:5      | Entered Level 5 of the Dungeon
  2601 | D:5      | Reached XP level 5. HP: 28/38 MP: 8/12
  2661 | D:5      | Noticed an ogre
  2671 | D:5      | Reached skill level 4 in Air Magic
  2672 | D:5      | Killed an ogre
  2676 | D:5      | Reached XP level 6. HP: 45/45 MP: 3/14
  2681 | D:5      | Learned a level 4 spell: Airstrike
  2868 | D:5      | Found Fyetret's Armour Emporium.
  2872 | D:5      | Bought a +0 cloak for 67 gold pieces
  2892 | D:5      | Found Teiba's Antique Weapon Emporium.
  3092 | D:5      | Found Jiamp's Magic Scroll Boutique.
  3100 | D:5      | Bought a scroll of fog for 56 gold pieces
  3126 | D:5      | Reached skill level 5 in Air Magic
  3126 | D:5      | Reached XP level 7. HP: 48/50 MP: 5/16
  3135 | D:5      | Noticed Edmund
  3153 | D:5      | Killed Edmund
  3330 | D:5      | Found Qeffeori's Armour Boutique.
  4109 | D:4      | Reached skill level 5 in Spellcasting
  4679 | D:3      | Reached skill level 6 in Air Magic
  4875 | D:6      | Noticed Sigmund
  4880 | D:6      | Reached skill level 1 in Fighting
  4880 | D:6      | Reached XP level 8. HP: 59/59 MP: 15/19
  5035 | D:6      | Killed Sigmund
  5433 | D:6      | Noticed Dowan
  5437 | D:6      | Noticed Duvessa
  5453 | D:6      | Killed Duvessa
  5454 | D:6      | Reached skill level 7 in Air Magic
  5554 | D:6      | Killed Dowan
  5603 | D:5      | Bought a +0 pair of boots for 58 gold pieces
  5850 | D:6      | Noticed Maggie
  5857 | D:6      | Killed Maggie
  6234 | D:6      | Found a runed translucent door.
  6235 | D:6      | Noticed Crazy Yiuf
  6727 | D:6      | Killed Crazy Yiuf
  6803 | D:7      | Reached XP level 9. HP: 69/69 MP: 17/21
  7045 | D:2      | Bought a pair of gloves for 139 gold pieces
  7311 | D:7      | Reached skill level 8 in Air Magic
  7527 | D:7      | Found a staircase to the Ecumenical Temple.
  7766 | D:7      | Noticed an ogre mage
  7768 | D:7      | Noticed an orc sorcerer
  7775 | D:7      | Noticed an orc sorcerer
  7777 | D:7      | Noticed a smoke demon
  7777 | D:7      | Noticed an ice devil
  7778 | D:7      | Noticed an ice devil
  7781 | D:7      | Noticed an orange demon
  7781 | D:7      | Killed an orc sorcerer
  8066 | D:8      | Reached skill level 9 in Air Magic
  8347 | D:8      | Reached skill level 5 in Dodging
  8348 | D:8      | Reached XP level 10. HP: 37/80 MP: 7/24
  8924 | D:8      | Found a staircase to the Lair.
  9215 | D:9      | Noticed Pikel
  9301 | D:9      | Noticed a two-headed ogre
  9360 | D:9      | Reached skill level 5 in Fighting
  9422 | D:9      | Noticed a two-headed ogre
  9432 | D:9      | Killed a two-headed ogre
  9440 | D:9      | Killed Pikel
  9441 | D:9      | Reached skill level 10 in Air Magic
  9929 | D:9      | Killed a two-headed ogre
  9941 | D:9      | Noticed Amaemon
  9955 | D:9      | Noticed Prince Ribbit
 10142 | D:9      | Noticed a two-headed ogre
 10147 | D:9      | Killed a two-headed ogre
 10292 | D:9      | Reached XP level 11. HP: 88/89 MP: 17/26
 10910 | D:9      | Killed Amaemon
 10911 | D:9      | Reached skill level 11 in Air Magic
 11300 | D:9      | Killed Prince Ribbit
 11476 | D:10     | Entered Level 10 of the Dungeon
 11679 | D:10     | Found a flagged portal.
 11709 | Bailey   | Entered a bailey
 11724 | Bailey   | Noticed an orc warlord
 12213 | Bailey   | Found a runed translucent gate.
 12216 | Bailey   | Found a runed translucent gate.
 12218 | Bailey   | Found a runed translucent gate.
 12352 | Bailey   | Killed an orc warlord
 12392 | Bailey   | Reached skill level 13 in Air Magic
 12392 | Bailey   | Reached XP level 12. HP: 97/97 MP: 11/28
 12393 | Bailey   | Reached skill level 15 in Air Magic
 12393 | Bailey   | Reached XP level 13. HP: 104/104 MP: 11/29
 12402 | Bailey   | Got the Folio of the Shift
 12501 | D:10     | Found a large runed translucent door.
 12501 | D:10     | Found a large runed translucent door.
 12600 | D:10     | Identified the +4 falchion "Itwyz" {freeze, +Blink Int-3
                  | Dex+5}
 12823 | D:10     | Found a large runed translucent door.
 12823 | D:10     | Found a large runed translucent door.
 13777 | D:10     | Got the Monograph on Beguiling and Transportation
 13981 | D:11     | Noticed Grum
 13986 | D:11     | Killed Grum
 14727 | D:11     | Found a staircase to the Orcish Mines.
 14861 | D:11     | Noticed Erica
 14865 | D:11     | Killed Erica
 14903 | D:11     | Found a flickering gateway to a bazaar.
 14913 | Bazaar   | Entered a bazaar
 15002 | Bazaar   | Found Qaplu's Weapon Emporium.
 15031 | Bazaar   | Found Gemnithri's Weapon Emporium.
 15031 | Bazaar   | Found Jyinig's Distillery.
 15053 | Bazaar   | Found Biveck's Assorted Antiques.
 15053 | Bazaar   | Found Leurr's Armour Shoppe.
 15095 | Bazaar   | Bought a potion of heal wounds for 155 gold pieces
 15095 | Bazaar   | Bought a puce potion for 27 gold pieces
 15095 | Bazaar   | Bought a scroll of identify for 62 gold pieces
 15095 | Bazaar   | Bought a scroll of identify for 62 gold pieces
 15955 | Lair:1   | Entered Level 1 of the Lair of Beasts
 16333 | Orc:1    | Entered Level 1 of the Orcish Mines
 17233 | Orc:1    | Found Wierchisa's Book Shoppe.
 17445 | Orc:2    | Entered Level 2 of the Orcish Mines
 17445 | Orc:2    | Noticed Rupert
 17763 | Orc:1    | Bought Maxwell's Memoranda for 494 gold pieces
 17769 | Orc:1    | Learned a level 5 spell: Arcjolt
 17778 | Orc:1    | Learned a level 8 spell: Maxwell's Capacitive Coupling
 18499 | Orc:2    | Reached XP level 14. HP: 46/114 MP: 5/31
 18500 | Orc:2    | Noticed an orc warlord
 18508 | Orc:2    | Reached skill level 16 in Air Magic
 18703 | Orc:2    | Found a staircase to the Elven Halls.
 19344 | Orc:2    | Reached skill level 1 in Shields
 19484 | Orc:2    | Killed an orc warlord
 20528 | Orc:2    | Found Vaympyi's General Store.
 20529 | Orc:2    | Found Jeruqor's Book Emporium.
 20531 | Orc:2    | Found Ipuishoyda's Antique Armour Shoppe.
 20531 | Orc:2    | Found Mohirgha's Antique Weapon Shoppe.
 20788 | D:8      | Reached skill level 5 in Shields
 22458 | Lair:2   | Noticed Gastronok
 23420 | Lair:2   | Killed Gastronok
 23724 | Lair:2   | Noticed Fannar
 23728 | Lair:2   | Killed Fannar
 24143 | Lair:2   | Reached skill level 17 in Air Magic
 24884 | Lair:3   | Found a hole to the Spider Nest.
 25138 | Lair:3   | Reached skill level 10 in Spellcasting
 25418 | Lair:3   | Learned a level 2 spell: Passwall
 25594 | Lair:3   | Found a staircase to the Swamp.
 26161 | Lair:4   | Found a staircase to the Slime Pits.
 26429 | Lair:4   | Reached XP level 15. HP: 121/121 MP: 28/34
 26442 | Lair:4   | Got the Directory of the Solid Traveller
 27068 | Lair:5   | Entered Level 5 of the Lair of Beasts
 29098 | Lair:5   | Learned a level 7 spell: Orb of Destruction
 31167 | D:12     | Reached skill level 5 in Conjurations
 32429 | D:13     | Reached skill level 18 in Air Magic
 33787 | D:13     | Identified the staff of fire "Uricuna" {rF+ rC- Str+8 Dex-3
                  | SInv}
 33807 | D:13     | HP: 5/123 [centaur warrior/arrow (29)]
 35062 | D:14     | Reached XP level 16. HP: 108/132 MP: 7/36
 36176 | D:14     | Found a gate to the Vaults.
 36278 | D:14     | Noticed Lodul
 36289 | D:14     | Killed Lodul
 36990 | D:15     | Entered Level 15 of the Dungeon
 37509 | D:15     | Reached skill level 10 in Conjurations
 37667 | D:15     | Found a staircase to the Depths.
 38683 | Spider:1 | Entered Level 1 of the Spider Nest
 38953 | Spider:1 | You fall into a shaft and drop 1 floor!
 39418 | Spider:1 | HP: 5/132 [jumping spider (11)]
 40271 | Spider:1 | Slain by a wolf spider simulacrum

Illustrated notes

Levels and vault maps discovered:
D:1:      eino_arrival_druids_welcome, layout_loops_ring
D:2:      layout_rooms, serial_shops, shop
D:3:      layout_basic, serial_shops, nicolae_square_shop
D:4:      layout_basic
D:5:      layout_loops_ring, serial_shops, shop,
          nicolae_shop_pleasant_corner_grove, shop, kennysheep_little_box,
          uniq_edmund
D:6:      nicolae_cairo_tiling, layout_loops_corners, gup_sewer_entry_bubbles,
          hex_tiny, uniq_maggie, uniq_duvessa, uniq_crazy_yiuf_cottage,
          uniq_sigmund
D:7:      layout_loops_ring, grunt_temple_overflow_open,
          minmay_temple_entry_wispy, serial_shops, nicolae_diamond_shop,
          minmay_the_grid_2x2 [minmay_the_grid_square_x,
          minmay_the_grid_gridbox, minmay_the_grid_tri_star,
          minmay_the_grid_prize_big_room]
D:8:      layout_basic, grunt_lair_entry_orc_guard_hut
D:9:      layout_basic, lemuel_doored_altar, st_stairs_10,
          kennysheep_small_square, uniq_prince_ribbit1, uniq_pikel, uniq_amaemon
D:10:     layout_roguey, enter_bailey_4, minmay_hollow_rounded_squares
D:11:     layout_basic, david_orc_4, serial_shops, bzr_entry_dummy,
          minmay_misc_feat_four_crosses, chequers_serial_rivers_large_a,
          uniq_erica, uniq_grum
D:12:     layout_basic
D:13:     minmay_complete_graph, layout_loops_cross,
          ebering_dispersal_statue_hall
D:14:     layout_basic, hangedman_vaults_entry_quadrant_bands,
          minmay_misc_feat_columns, nzn_wu_jian_contemplation, uniq_lodul
D:15:     hangedman_depths_entry_civil_slaughter, layout_stronghold,
          small_statue_alley_a
Lair:1:   layout_small_grid, special_room [special_room_bee], basic_altar,
          grunt_megastairs_4, serial_bayou_shore_a
Lair:2:   nzn_winding_woodlands_stair_trap [nzn_winding_woodlands_5x15_default,
          nzn_winding_woodlands_5x15_sidewinder,
          nzn_winding_woodlands_5x15_sawtooth,
          nzn_winding_woodlands_15x15_eel_pit,
          nzn_winding_woodlands_5x15_pathside_ponds,
          nzn_winding_woodlands_5x15_garden,
          nzn_winding_woodlands_5x15_lazy_stream], layout_big_grid,
          evilmike_ambush [evilmike_ambush_outer_pillars,
          evilmike_ambush_inner_basic], uniq_gastronok, uniq_fannar
Lair:3:   layout_small_grid, palyth_hydra_swamp_entry, dummy_spider_entry
Lair:4:   layout_layer_cave, slime_entry_1, cheibrodos_lair_reptile_den,
          grunt_megastairs_1
Lair:5:   guppyfry_lair_end_dragon, layout_small_grid,
          hangedman_lair_tendril_chambers
Spider:1: layout_cave_pods, hangedman_spider_tarantella_strand
Spider:2: layout_chambers
Orc:1:    layout_caves, nicolae_volcano_entry_hallway, serial_shops, shop
Orc:2:    st_orc_congregation, layout_caves, basic_altar, uniq_rupert

Skill      XL: |  1  2  3  4  5  6  7  8  9 10 11 12 13 14 15 16 |
---------------+-------------------------------------------------+-----
Conjurations   | 1 2 3 4 7 12 | 12.3
Spellcasting   | 2 3 4 5 6 7 8 10 11 | 11.6
Air Magic      | 3 4 5 6 7 9 10 13 15 17 18 | 18.0
Dodging        | 2 3 5 6 7 8 9 |  9.3
Fighting       | 1 3 4 6 7 9 |  9.1
Shields        | 7 |  7.0
Stealth        | |  1.7

Action                     |  1- 3 |  4- 6 |  7- 9 | 10-12 | 13-15 | 16-18 || total
---------------------------+-------+-------+-------+-------+-------+-------++-------
  Melee: Flail             |     2 |       |       |       |       |       ||     2
         Quarterstaff      |     4 |     4 |       |       |       |       ||     8
         Halberd           |       |     1 |     8 |    50 |       |       ||    59
         Demon whip        |       |       |       |    30 |   329 |       ||   359
         Punch             |       |       |       |     1 |     2 |       ||     3
         Unarmed           |       |       |       |       |     4 |       ||     4
         Staff             |       |       |       |       |    18 |    85 ||   103
   Cast: Shock             |    70 |    78 |   170 |   135 |   217 |     9 ||   679
         Static Discharge  |     2 |    15 |    63 |    34 |    56 |       ||   170
         Airstrike         |       |       |    17 |    61 |   436 |    57 ||   571
         Swiftness         |       |       |       |     1 |     1 |       ||     2
         Arcjolt           |       |       |       |       |   191 |    94 ||   285
         Maxwell's Capacit |       |       |       |       |    15 |     3 ||    18
         Orb of Destructio |       |       |       |       |       |     1 ||     1
  Evoke: Wand              |       |       |     1 |    12 |     9 |     1 ||    23
    Use: Potion            |       |     1 |     4 |     2 |    15 |     3 ||    25
         Scroll            |       |       |    15 |     7 |    10 |     1 ||    33
 Armour: Robe              |       |     3 |    17 |    45 |   156 |    55 ||   276
         Skin              |       |       |       |       |     4 |       ||     4
  Dodge: Dodged            |    11 |    23 |    80 |   191 |   654 |   197 ||  1156
  Block: Buckler           |       |       |       |       |   295 |   141 ||   436
         Reflection        |       |       |       |       |       |     8 ||     8

Table legend: (Time is in decaauts)
 A = Elapsed time spent in this place.
 B = Non-inter-level travel time spent in this place.
 C = Inter-level travel time spent in this place.
 D = Time resting spent in this place.
 E = Time spent auto-exploring this place.
 F = Levels seen in this place.
 G = Mean time per level.
                   A        B        C        D        E       F      G
               +--------+--------+--------+--------+--------+-----+--------+
         Total |  40507 |  38396 |   2111 |   5510 |  28089 |  26 | 1558.0 |
       Dungeon |  24475 |  22966 |   1509 |   2795 |  17384 |  15 | 1631.7 |
          Lair |   9310 |   8880 |    430 |   1283 |   6551 |   5 | 1862.0 |
   Spider Nest |   1598 |   1598 |      0 |    173 |   1243 |   2 |  799.0 |
  Orcish Mines |   4215 |   4044 |    171 |   1001 |   2507 |   2 | 2107.5 |
        Bazaar |    201 |    201 |      0 |      0 |    162 |   1 |  201.0 |
        Bailey |    705 |    705 |      0 |    258 |    240 |   1 |  705.0 |
               +--------+--------+--------+--------+--------+-----+--------+

Top non-repeatable levels by time:
  Lair:5: 2811 daAuts
    D:13: 2417 daAuts
    D:12: 2285 daAuts
   Orc:2: 2271 daAuts
     D:8: 2255 daAuts
    D:14: 2088 daAuts
     D:9: 2084 daAuts
    D:11: 2052 daAuts
  Lair:1: 2041 daAuts
     D:6: 1997 daAuts
   Orc:1: 1944 daAuts
  Lair:2: 1919 daAuts
    D:10: 1806 daAuts
    D:15: 1477 daAuts
Spider:1: 1428 daAuts
